 Dungeon Crawl Stone Soup version 0.30-a0-141-g30f27751c5 (webtiles) character file.

Game seed: 1656736186069140865

17407 Shard1697 the Basher (level 12, -1/105 HPs)
             Began as a Demonspawn Fighter on Sept 25, 2022.
             Was the Champion of Ru.
             Killed by divine providence
             ... invoked by an orc priest
              (9 damage)
             ... on level 2 of the Orcish Mines on Sept 26, 2022.
             The game lasted 00:27:02 (15003 turns).

Shard1697 the Basher (Demonspawn Fighter)          Turns: 15003, Time: 00:27:03

Health: -1/105     AC: 16    Str: 33    XL:     12   Next: 18%
Magic:  15/16      EV: 10    Int:  9    God:    Ru [******]
Gold:   1514       SH:  6    Dex: 12    Spells: 15/17 levels left

rFire   . . .      SeeInvis .    a - +1 morningstar
rCold   + . .      Faith    +    c - +0 buckler
rNeg    . . .      Spirit   .    i - +5 ring mail of the Lich-sworn {rPois rC+}
rPois   +          Reflect  .    (helmet restricted)
rElec   .          Harm     .    (no cloak)
rCorr   .          Rampage  .    (gloves unavailable)
Will    .....                    (no boots)
Stlth   ..........               p - amulet of faith
HPRegen 0.27/turn                s - +6 ring of strength
MPRegen 0.15/turn                n - +4 ring of protection

@: wereblooded
A: rugged brown scales 2, powered by death 1, no stealth, inability to use
devices, hated by all, cowardly, weak-willed 1, demonic magic 2, demonic touch
3, horns 1, strong 2
a: Renounce Religion, Draw Out Power, Power Leap, Apocalypse


You were on level 2 of the Orcish Mines.
You worshipped Ru.
Ru was exalted by your worship.
You visited 2 branches of the dungeon, and saw 13 of its levels.

You collected 1514 gold pieces.

Inventory:

Hand Weapons
 a - a +1 morningstar (weapon)
 h - a +4 battleaxe
Missiles
 B - 2 throwing nets (quivered)
Armour
 c - a +0 buckler (worn)
 i - the +5 ring mail of the Lich-sworn (worn) {rPois rC+}
   (You found it on level 4 of the Dungeon)

   rC:        It protects you from cold.
   rPois:     It protects you from poison.
 m - a +2 helmet
Jewellery
 f - a ring of magical power
 n - a +4 ring of protection (right hand)
 p - an amulet of faith (around neck)
 s - a +6 ring of strength (left hand)
 v - a ring of ice
 y - an amulet of guardian spirit
 z - a +6 ring of dexterity
Scrolls
 e - 5 scrolls of teleportation
 g - 3 scrolls of poison
 j - 2 scrolls of enchant weapon
 k - 2 scrolls of enchant armour
 q - 2 scrolls of magic mapping
 r - 2 scrolls of silence
 u - 2 scrolls of amnesia
Potions
 b - a potion of haste
 d - 2 potions of cancellation
 l - a potion of brilliance
 o - a potion of magic
 t - a potion of attraction
 w - a potion of mutation
 x - a potion of lignification
 C - 2 potions of flight


   Skills:
 + Level 11.2 Fighting
 * Level 12.1 Maces & Flails
 - Level 2.6 Armour
 + Level 7.9 Shields
 - Level 3.0 Spellcasting
 - Level 6.2 Transmutations


You had 15 spell levels left.
You knew the following spells:

 Your Spells              Type           Power      Damage    Failure   Level
a - Wereblood             Tmut           12%        N/A       6%          2

Your spell library contained the following spells:

 Spells                   Type           Power      Damage    Failure   Level
 Sting                    Tmut/Pois      24%        1d4       14%         1
 Freeze                   Ice            4%         1d3       45%         1
 Poisonous Vapours        Pois/Air       2%         N/A       61%         2
 Sublimation of Blood     Necr           1%         N/A       61%         2
 Blade Hands              Tmut           6%         N/A       75%         5
 Frozen Ramparts          Ice            2%         1d1       83%         3
 Portal Projectile        Hex/Tloc       2%         N/A       83%         3
 Fulminant Prism          Conj/Hex       0%         3d6       99%         4
 Hailstorm                Conj/Ice       1%         3d3       99%         4
 Olgreb's Toxic Radiance  Pois           1%         N/A       99%         4
 Borgnjor's Vile Clutch   Necr/Erth      0%         N/A       100%        5
 Necromutation            Tmut/Necr      3%         N/A       100%        8
 Tukima's Dance           Hex            Unusable   N/A       N/A         3
 Summon Hydra             Summ           Unusable   N/A       N/A         7

Dungeon Overview and Level Annotations

Branches:
Dungeon (11/15)            Temple (0/1) D:5            Lair (0/5) D:9
    Orc (2/2) D:11            Elf (0/3) Orc:2

Altars:
Cheibriados
Dithmenos
Gozag
Ru
Sif Muna
Uskayaw
Vehumet

Shops:
D:7 [   Orc:1 *

Annotations:
D:7 3 runed translucent doors, Dazliare's ghost, novice SpSu


Innate Abilities, Weirdness & Mutations

You are mostly covered in rugged brown scales. (AC +2, +5% HP)
You regenerate a little health from kills.
You cannot be stealthy.
You cannot study or use magical devices.
You are hated by all.
Your cowardice makes you less effective in combat with threatening foes.
You are slightly weak-willed. (Will-)
Spells you cast may paralyse nearby enemies.
Your touch may irresistibly damage your foes and sap their willpower.
You have a pair of small horns on your head.
Your muscles are very strong. (Str +8, Int/Dex -2)


Message History

The orc priest calls down the wrath of Beogh upon you.
Beogh smites you!
The orc knight shoots a bolt.
The bolt hits you!!
* * * LOW HITPOINT WARNING * * *
The orc warrior is stunned by your conviction and fails to attack.
The orc priest barely misses you.
Things that are here:
a +0 dagger; a +0 leather armour; an orc corpse You puncture the orc priest!
You feel a bit better.
You kill the orc priest!
The orc warrior completely misses you.
The orc priest invokes the aid of Beogh against you.
Beogh smites you!
* * * LOW HITPOINT WARNING * * *
You focus your inner power and slow the orc priest in retribution!
The orc knight attacks as you move away!
The orc knight unwields a +0 arbalest.
The orc knight wields a +0 long sword.
You block the orc knight's attack.
The orc knight unwields a +0 long sword.
The orc knight wields a +0 arbalest.
The orc knight shoots a bolt.
The bolt hits you!
* * * LOW HITPOINT WARNING * * *
The orc warrior hits you with a +0 battleaxe.
* * * LOW HITPOINT WARNING * * *
You howl as the wereblood boils in your veins!
The orc knight roars a battlecry!
The orcs go into a battle-frenzy!
The orc is no longer paralysed.
The orc warrior is no longer paralysed.
You redirect the orc priest's attack!
The orc warrior hits you but does no damage.
The orc warrior attacks as you move away!
The orc warrior hits you but does no damage.
You howl as the wereblood boils in your veins!
The orc knight roars a battlecry!
The orcs go into a battle-frenzy!
The orc warrior attacks as you move away!
The orc warrior barely misses you.
The orc priest mumbles some strange prayers to Beogh against you.
Beogh smites you!
You die...

...........## ...
.....^......###...
....[[.#.....###..#
....).[.#.....###oo#
....[[.....#...# #o.# ##
...............####o)##
##.
..............##.###).##
##..
......###.##..#...###oo##
##... ..#..##
####....@..###..## ##....
......#
##.....o.###..###.....
.<.#.##
###......)##...#......
#.####
##........)ooo.........
###
#.........o.o.......... #
##..........)..........
##....................
##.#..........).........
#.......................


You could see an orc knight, 2 orc warriors, an orc priest (strong, slow) and 2
orcs.

Vanquished Creatures
  An orc warlord (Orc:1)
  Fannar (D:10)
  3 two-headed ogres
  Urug (Orc:1)
  2 orc high priests
  Pikel (D:6)
  An ugly thing (D:8)
  A cyclops (D:11)
  An orc sorcerer (Orc:1)
  A manticore (D:11)
  Maurice (D:11)
  Joseph (D:10)
  A gargoyle (D:11)
  An unseen horror (D:10)
  A hornet (D:9)
  Grinder (D:3)
  2 shadows
  Sigmund (D:3)
  A wraith (D:10)
  A wyvern (D:8)
  12 yaks
  6 humans
  2 steam dragons
  2 wargs (Orc:1)
  A water moccasin (D:6)
  2 ice beasts
  15 orc warriors
  A sky beast (D:7)
  A black bear (D:4)
  7 ogres
  A centaur (D:9)
  2 lemures (D:6)
  2 phantoms (D:6)
  2 kobold brigands
  3 bullfrogs
  A necrophage (D:7)
  2 gnoll sergeants
  3 scorpions (D:5)
  7 wights
  2 vampire bats (D:11)
  2 howler monkeys
  2 jellies
  A quasit (D:7)
  5 hounds
  18 orc priests
  A gnoll bouda (D:8)
  5 iguanas
  Terence (D:3)
  8 orc wizards
  9 adders
  19 gnolls
  A shadow imp (D:7)
  An ufetubus (D:6)
  5 worms
  3 dart slugs
  57 orcs
  10 bats
  6 endoplasms
  2 giant cockroaches
  3 goblins
  3 hobgoblins
  4 jackals
  13 kobolds
  5 quokkas
  4 ball pythons
  4 frilled lizards
  A goblin zombie (D:7)
  2 hobgoblin zombies (D:7)
  2 kobold zombies (D:7)
  An orc skeleton (D:7)
  An orc zombie (D:7)
  3 rats
300 creatures vanquished.

Vanquished Creatures (others)
  2 yaks
  An orc warrior (Orc:1)
  A wight (D:10)
  An adder (D:6)
  An orc (D:11)
6 creatures vanquished.

Grand Total: 306 creatures vanquished

Notes
Turn   | Place    | Note
-------+----------+-------------------------------------------
     0 | D:1      | Shard1697 the Demonspawn Fighter began the quest for the
                  | Orb.
     0 | D:1      | Reached XP level 1. HP: 18/18 MP: 1/1
   178 | D:1      | Reached skill level 2 in Maces & Flails
   178 | D:1      | Gained mutation: Spells you cast may paralyse adjacent
                  | enemies. [demonic ancestry]
   178 | D:1      | Reached XP level 2. HP: 24/24 MP: 2/2
   728 | D:2      | Reached skill level 3 in Maces & Flails
   731 | D:2      | You fall into a shaft and drop 1 floor!
   745 | D:3      | Reached XP level 3. HP: 29/29 MP: 3/3
  1170 | D:2      | Gained mutation: You are partially covered in rugged brown
                  | scales. (AC +1, +3% HP) [demonic ancestry]
  1170 | D:2      | Reached XP level 4. HP: 28/36 MP: 4/4
  1258 | D:2      | Reached skill level 4 in Maces & Flails
  1973 | D:3      | Noticed Terence
  1995 | D:3      | Killed Terence
  2237 | D:3      | Reached XP level 5. HP: 29/42 MP: 5/5
  2341 | D:3      | Noticed Sigmund
  2349 | D:3      | Killed Sigmund
  2350 | D:3      | Reached skill level 5 in Maces & Flails
  2350 | D:3      | Gained mutation: Your touch may inflict minor irresistible
                  | damage on your foes. [demonic ancestry]
  2350 | D:3      | Reached XP level 6. HP: 40/48 MP: 6/6
  2470 | D:3      | Found a snail-covered altar of Cheibriados.
  2470 | D:3      | Noticed Grinder
  2477 | D:3      | Paralysed by Grinder for 2 turns
  2483 | D:3      | Paralysed by Grinder for 2 turns
  2486 | D:3      | Paralysed by Grinder for 5 turns
  2495 | D:3      | Killed Grinder
  2496 | D:3      | Reached skill level 6 in Maces & Flails
  2969 | D:4      | Identified the +5 ring mail of the Lich-sworn {rPois rC+}
  2992 | D:4      | Learned a level 2 spell: Wereblood
  3005 | D:4      | Found a sacrificial altar of Ru.
  3013 | D:4      | Became a worshipper of Ru the Awakened
  3158 | D:4      | Reached skill level 1 in Transmutations
  3158 | D:4      | Reached XP level 7. HP: 48/54 MP: 8/8
  3242 | D:4      | Reached skill level 1 in Spellcasting
  4174 | D:5      | Entered Level 5 of the Dungeon
  4434 | D:5      | Gained mutation: You are mostly covered in rugged brown
                  | scales. (AC +2, +5% HP) [demonic ancestry]
  4434 | D:5      | Reached XP level 8. HP: 36/63 MP: 12/12
  4728 | D:5      | Gained mutation: You are hated by all. [Ru sacrifice]
  4728 | D:5      | Reached * piety under Ru
  4728 | D:5      | Reached ** piety under Ru
  4808 | D:5      | Found a staircase to the Ecumenical Temple.
  5484 | D:6      | Reached skill level 5 in Transmutations
  5569 | D:6      | Found an opulent altar of Gozag.
  6159 | D:6      | Found a shadowy altar of Dithmenos.
  6411 | D:6      | Reached skill level 7 in Maces & Flails
  6411 | D:6      | Gained mutation: Spells you cast may paralyse nearby
                  | enemies. [demonic ancestry]
  6411 | D:6      | Reached XP level 9. HP: 38/70 MP: 13/13
  6826 | D:7      | Found a runed translucent gate.
  6830 | D:7      | Found a runed translucent gate.
  6831 | D:7      | Noticed Dazliare's ghost (novice SpSu)
  6858 | D:7      | Reached skill level 5 in Fighting
  6872 | D:7      | Found a runed translucent gate.
  6939 | D:7      | Gained mutation: You cannot study or use magical devices.
                  | [Ru sacrifice]
  6939 | D:7      | Reached *** piety under Ru
  7001 | D:7      | Noticed Pikel
  7068 | D:6      | Killed Pikel
  7336 | D:7      | Found Cheibriados's Comfort Zone.
  7341 | D:7      | Found a snail-covered altar of Cheibriados.
  7439 | D:7      | Found a shimmering blue altar of Sif Muna.
  8035 | D:8      | Reached skill level 8 in Maces & Flails
  8096 | D:7      | Gained mutation: You have a pair of small horns on your
                  | head. [potion of mutation]
  8096 | D:7      | Gained mutation: Your muscles are strong. (Str +4, Int/Dex
                  | -1) [potion of mutation]
  8096 | D:7      | Gained mutation: Your muscles are very strong. (Str +8,
                  | Int/Dex -2) [potion of mutation]
  8581 | D:8      | Reached skill level 5 in Shields
  8581 | D:8      | Gained mutation: Your touch may inflict irresistible damage
                  | on your foes. [demonic ancestry]
  8581 | D:8      | Reached XP level 10. HP: 64/82 MP: 14/14
  8946 | D:8      | Noticed a cyan ugly thing
  8961 | D:8      | Killed a cyan ugly thing
  9358 | D:9      | Reached skill level 9 in Maces & Flails
  9377 | D:9      | Gained mutation: Your cowardice makes you less effective in
                  | combat with threatening foes. [Ru sacrifice]
  9377 | D:9      | Reached **** piety under Ru
  9377 | D:9      | Reached ***** piety under Ru
  9461 | D:9      | Found a staircase to the Lair.
  9550 | D:9      | Noticed a lindwurm
  9550 | D:9      | Noticed a lindwurm
  9567 | D:9      | Noticed a lindwurm
  9568 | D:9      | Noticed a lindwurm
  9708 | D:10     | Entered Level 10 of the Dungeon
  9708 | D:10     | Noticed Fannar
 10121 | D:10     | Killed Fannar
 10431 | D:10     | Noticed a two-headed ogre
 10439 | D:10     | Killed a two-headed ogre
 10814 | D:10     | Noticed Joseph
 10830 | D:10     | Reached skill level 10 in Maces & Flails
 10856 | D:10     | Gained mutation: Your touch may irresistibly damage your
                  | foes and sap their willpower. [demonic ancestry]
 10856 | D:10     | Reached XP level 11. HP: 67/93 MP: 15/15
 10866 | D:10     | Killed Joseph
 11191 | D:10     | Found a radiant altar of Vehumet.
 11524 | D:9      | Gained mutation: You are slightly weak-willed. (Will-) [Ru
                  | sacrifice]
 11749 | D:9      | Found a hide-covered altar of Uskayaw.
 11939 | D:11     | Noticed a two-headed ogre
 11939 | D:11     | Noticed Maurice
 11947 | D:11     | Killed a two-headed ogre
 11947 | D:11     | Killed Maurice
 11948 | D:11     | Reached skill level 10 in Fighting
 12532 | D:11     | Got the Reference Book on Grim Bewitchment
 12603 | D:11     | Noticed a two-headed ogre
 12611 | D:11     | Killed a two-headed ogre
 12612 | D:11     | Reached skill level 11 in Maces & Flails
 13070 | D:11     | Found a staircase to the Orcish Mines.
 13080 | Orc:1    | Entered Level 1 of the Orcish Mines
 13283 | Orc:1    | Noticed Urug
 13296 | Orc:1    | Killed Urug
 13338 | Orc:1    | Gained mutation: You cannot be stealthy. [Ru sacrifice]
 13338 | Orc:1    | Reached ****** piety under Ru
 13480 | Orc:1    | Noticed an orc warlord
 13491 | Orc:1    | Killed an orc warlord
 13492 | Orc:1    | Noticed an orc sorcerer
 13499 | Orc:1    | Killed an orc sorcerer
 13502 | Orc:1    | HP: 3/97 [orc warrior/+0 halberd[an orc warlord] (17)]
 13506 | Orc:1    | HP: 1/97 [orc warrior/bolt[an orc warlord] (1)]
 13511 | Orc:1    | HP: 1/97 [orc/+0 whip[an orc warlord] (2)]
 13931 | Orc:1    | Found Lale's Overcharged Wands.
 13959 | Orc:1    | Noticed an orc high priest
 13966 | Orc:1    | Noticed a soul eater
 13979 | Orc:1    | Killed an orc high priest
 13980 | Orc:1    | Gained mutation: You regenerate a little health from kills.
                  | [demonic ancestry]
 13980 | Orc:1    | Reached XP level 12. HP: 93/105 MP: 14/16
 14418 | Orc:2    | Entered Level 2 of the Orcish Mines
 14545 | Orc:2    | Found a staircase to the Elven Halls.
 14627 | Orc:2    | Noticed an orc high priest
 14646 | Orc:2    | Killed an orc high priest
 14647 | Orc:2    | Reached skill level 12 in Maces & Flails
 14998 | Orc:2    | HP: 5/105 [orc warrior/+0 battleaxe (6)]
 15003 | Orc:2    | Killed from afar by an orc priest

Illustrated notes

Levels and vault maps discovered:
D:1:      dpeg_arrival_solitude, layout_basic, dreamdust_mushroom_princess
D:2:      layout_loops_ring, kennysheep_generic_room_14
D:3:      layout_rooms, mainiacjoe_overflow_small_starburst, serial_curves,
          eino_curves_03, eino_curves_01, eino_curves_04, minmay_cut_off,
          uniq_sigmund, uniq_terence, uniq_grinder
D:4:      layout_loops_corners, zin_treasury, nicolae_ru_sacrificial_ziggurat,
          grunt_ministairs_4
D:5:      layout_basic, minmay_temple_entry_proselytizer
D:6:      layout_loops_ring, mainiacjoe_overflow_alcove_2,
          grunt_dithmenos_shadows, serial_rivers,
          chequers_serial_rivers_small_3, chequers_serial_rivers_micro_b,
          chequers_serial_rivers_small_a, chequers_serial_rivers_small_b,
          chequers_serial_rivers_small_b, st_stairs_12, hangedman_decor_growths,
          small_statue_alley_b
D:7:      layout_cave_pools, nicolae_tso_besieged_by_evil, lemuel_doored_altar,
          gammafunk_ghost_split, minmay_shop_chei, uniq_pikel
D:8:      layout_gridville, minmay_ruffians
D:9:      layout_loops_cross, mainiacjoe_overflow_boulevard, lair_entry_dummy,
          minmay_lindwurm_lava
D:10:     layout_rooms, nicolae_vehumet_altar_sigil, uniq_joseph, uniq_fannar
D:11:     layout_cave_pods, david_orc_4, grunt_ministairs_15, roderic_batcave,
          amcnicky_mini_rare_corridor_liquid, kennysheep_generic_room_9,
          uniq_maurice
Orc:1:    layout_diamond_mine, nicolae_shop_overcharged_wands, uniq_urug
Orc:2:    pf_orc_diabolical, layout_caves

Skill      XL: |  1  2  3  4  5  6  7  8  9 10 11 12 |
---------------+-------------------------------------+-----
Maces & Flails | 2 3 4 5 6 7 8 10 11 12 | 12.1
Shields        | 3 5 6 7 |  7.9
Transmutations | 1 4 6 |  6.2
Spellcasting   | 2 3 |  3.0
Fighting       | 4 7 9 11 | 11.2
Armour         | |  2.6

Action                   |  1- 3 |  4- 6 |  7- 9 | 10-12 || total
-------------------------+-------+-------+-------+-------++-------
Melee: Flail             |    88 |   150 |   492 |    68 ||   798
       Headbutt          |       |       |     8 |   103 ||   111
       Morningstar       |       |       |       |   473 ||   473
Throw: Boomerang         |     6 |       |       |       ||     6
 Cast: Wereblood         |       |       |     7 |    29 ||    36
Invok: Sacrifice Love    |       |       |     1 |       ||     1
       Sacrifice Artific |       |       |     1 |       ||     1
       Sacrifice Courage |       |       |       |     1 ||     1
       Apocalypse        |       |       |       |     1 ||     1
       Sacrifice Essence |       |       |       |     1 ||     1
       Sacrifice Stealth |       |       |       |     1 ||     1
  Use: Potion            |       |     4 |     3 |     7 ||    14
       Scroll            |       |       |    13 |     8 ||    21
 Stab: Paralysed         |       |       |     5 |    35 ||    40
       Invisible         |       |       |       |     4 ||     4
       Distracted        |       |       |       |     1 ||     1
Armor: Scale mail        |    47 |    69 |       |       ||   116
       Ring mail         |       |     2 |   299 |   266 ||   567
Dodge: Dodged            |    40 |    67 |   252 |   226 ||   585
Block: Buckler           |    23 |    23 |   114 |   120 ||   280

Table legend: (Time is in decaauts)
 A = Elapsed time spent in this place.
 B = Non-inter-level travel time spent in this place.
 C = Inter-level travel time spent in this place.
 D = Time resting spent in this place.
 E = Time spent auto-exploring this place.
 F = Levels seen in this place.
 G = Mean time per level.
                   A        B        C        D        E       F      G
               +--------+--------+--------+--------+--------+-----+--------+
         Total |  15127 |  14721 |    406 |   2775 |   8974 |  13 | 1163.6 |
       Dungeon |  13568 |  13208 |    360 |   2670 |   7968 |  11 | 1233.5 |
  Orcish Mines |   1558 |   1512 |     46 |    105 |   1006 |   2 |  779.0 |
               +--------+--------+--------+--------+--------+-----+--------+

Top non-repeatable levels by time:
    D:11: 1537 daAuts
     D:6: 1532 daAuts
     D:4: 1460 daAuts
     D:7: 1398 daAuts
    D:10: 1359 daAuts
     D:9: 1278 daAuts
     D:3: 1191 daAuts
     D:5: 1153 daAuts
   Orc:1: 1084 daAuts
     D:8: 1008 daAuts
     D:2: 912 daAuts
     D:1: 735 daAuts
   Orc:2: 474 daAuts
